 Dungeon Crawl Stone Soup version 0.29-a0-275-g389c0b56f3 (webtiles) character file.

Game seed: 3084828738134144359

451 bande the Chopper (level 7, -4/44 HPs)
             Began as a Gargoyle Fighter on Mar 10, 2022.
             Killed from afar by Dowan (8 damage)
             ... with a puff of flame
             ... on level 4 of the Dungeon.
             The game lasted 00:05:47 (3445 turns).

bande the Chopper (Gargoyle Fighter)                Turns: 3445, Time: 00:05:48

Health: -4/44      AC: 15    Str: 19    XL:     7   Next: 4%
Magic:  0/7        EV: 11    Int:  9    God:
Gold:   70         SH:  4    Dex: 11    Spells: 6/6 levels left

rFire   . . .      SeeInvis .   a - +0 war axe
rCold   . . .      Faith    .   c - +0 buckler
rNeg    + . .      Spirit   +   p - +0 chain mail
rPois   ∞          Reflect  .   k - +0 helmet
rElec   +          Harm     .   (no cloak)
rCorr   +          Rampage  .   (no gloves)
Will    .....      Rage     1%  (no boots)
Stlth   ..........              e - amulet of guardian spirit
HPRegen 0.14/turn               h - +4 ring of evasion
MPRegen 0.10/turn               i - ring of resist corrosion

@: lit by a corona, glowing
A: sickness immunity, AC +4, negative energy resistance 1, electricity
resistance, torment resistance 1, petrification resistance, berserk 1
a: no special abilities


You were on level 4 of the Dungeon.
You visited 1 branch of the dungeon, and saw 4 of its levels.

You collected 70 gold pieces.

Inventory:

Hand Weapons
 a - a +0 war axe (weapon)
 j - a +0 flail
Armour
 c - a +0 buckler (worn)
 k - a +0 helmet (worn)
 p - a +0 chain mail (worn)
Jewellery
 e - an amulet of guardian spirit (around neck)
 h - a +4 ring of evasion (left hand)
 i - a ring of resist corrosion (right hand)
Potions
 d - 2 potions of might
 f - a potion of curing
 g - 2 potions of ambrosia
 l - 3 potions of brilliance
 o - a potion of haste {unknown}


   Skills:
 + Level 4.7 Fighting
 + Level 4.8 Axes
 + Level 4.7 Armour
 - Level 0.2 Dodging
 + Level 4.1 Shields


You had 6 spell levels left.
You didn't know any spells.
Your spell library contained the following spells:

 Spells                   Type           Power      Damage    Failure   Level
 Chain Lightning          Conj/Air       0%         N/A       100%        9
 Fire Storm               Conj/Fire      0%         5d1       100%        9
 Shatter                  Erth           0%         3d5*      100%        9


Dungeon Overview and Level Annotations

Branches:
Dungeon (4/15)
 Temple: D:4-7

Altars:

Annotations:
D:4 Dowan, Duvessa


Innate Abilities, Weirdness & Mutations

You are immune to sickness and miasma.
Your stone body is resilient. (AC +4)
You are immune to poison.
You resist negative energy. (rN+)
You are resistant to electric shocks. (rElec)
You are resistant to unholy torment.
You are immune to petrification.
You tend to lose your temper in combat.


Message History

You closely miss Duvessa.
Duvessa is heavily wounded.
You hit Dowan. Duvessa hits you but does no damage.
Dowan hits you with a +2 dagger of protection.
Duvessa hits you with a +2 short sword of venom.
Dowan hits you with a +2 dagger of protection.
You completely miss Duvessa.
Duvessa is heavily wounded.
You hit Dowan but do no damage.
Duvessa hits you with a +2 short sword of venom.
Duvessa completely misses you. You block Dowan's attack.
You hit Duvessa but do no damage.
Duvessa is heavily wounded.
You slash Dowan! Duvessa hits you but does no damage.
Dowan casts a spell at you.
You are outlined in light.
Duvessa hits you with a +2 short sword of venom.
You are too injured to fight recklessly!
You are too injured to fight recklessly!
You are too injured to fight recklessly!
You are too injured to fight recklessly!
Unknown command.
You hit Duvessa.
Duvessa is heavily wounded.
You miss Dowan.
Duvessa hits you with a +2 short sword of venom.
Dowan hits you with a +2 dagger of protection.
* * * LOW HITPOINT WARNING * * *
Duvessa hits you with a +2 short sword of venom.
* * * LOW HITPOINT WARNING * * *
You closely miss Duvessa.
Duvessa is heavily wounded.
You barely miss Dowan. You block Duvessa's attack.
Dowan hits you with a +2 dagger of protection.
* * * LOW HITPOINT WARNING * * *
Duvessa hits you with a +2 short sword of venom.
* * * LOW HITPOINT WARNING * * *
Dowan gestures at you while chanting. The puff of flame hits you!
You die...

....# ....# #...#
#...# +...#
.#######...#####
................
######.^...####
#......e@..+ ##
####..###..e..# ..
.......+..>..#
.##.##..#.##.....#
...........+.$...#
####.#..#.##.....#
#<.#.##.....#
#..#.##.....#
#......######


You could see Duvessa (fast) and Dowan.

Vanquished Creatures
  2 sky beasts
  A necrophage (D:3)
  A gnoll shaman (D:3)
  Robin (D:3)
  3 gnolls (D:3)
  5 adders (D:2)
  2 worms (D:3)
  3 dart slugs
  2 orcs (D:3)
  6 ball pythons
  6 endoplasms
  A giant cockroach (D:3)
  13 goblins
  12 hobgoblins
  4 jackals (D:1)
  3 quokkas (D:1)
  3 bats
  4 frilled lizards
  8 kobolds
  4 rats
84 creatures vanquished.

Vanquished Creatures (others)
  16 plants (D:3)
16 creatures vanquished.

Grand Total: 100 creatures vanquished

Notes
Turn   | Place    | Note
-------+----------+-------------------------------------------
     0 | D:1      | bande the Gargoyle Fighter began the quest for the Orb.
     0 | D:1      | Reached XP level 1. HP: 14/14 MP: 1/1
    36 | D:1      | Reached XP level 2. HP: 17/19 MP: 2/2
   532 | D:1      | Reached XP level 3. HP: 24/24 MP: 3/3
  1030 | D:2      | Reached XP level 4. HP: 29/29 MP: 4/4
  1238 | D:2      | Gained mutation: Your muscles are strong. (Str +2) [potion
                  | of mutation]
  1238 | D:2      | Gained mutation: You are clumsy. (Dex -2) [potion of
                  | mutation]
  1386 | D:2      | Lost mutation: Your muscles are strong. (Str +2) [potion of
                  | mutation]
  1386 | D:2      | Lost mutation: You are clumsy. (Dex -2) [potion of
                  | mutation]
  1386 | D:2      | Gained mutation: You tend to lose your temper in combat.
                  | [potion of mutation]
  1728 | D:3      | Found a faded altar of an unknown god.
  2029 | D:3      | Reached XP level 5. HP: 33/33 MP: 5/5
  2204 | D:3      | Noticed a sky beast
  2218 | D:3      | Killed a sky beast
  2219 | D:3      | Reached XP level 6. HP: 26/39 MP: 4/6
  2797 | D:3      | Noticed Robin
  2816 | D:3      | Killed Robin
  2986 | D:4      | Noticed a sky beast
  3014 | D:4      | Killed a sky beast
  3015 | D:4      | Reached XP level 7. HP: 37/44 MP: 3/7
  3424 | D:4      | Noticed Dowan
  3428 | D:4      | Noticed Duvessa
  3445 | D:4      | Killed from afar by Dowan

Illustrated notes

Levels and vault maps discovered:
D:1:      evilmike_arrival_hilbert_curve, layout_loops_ring, minmay_tromino_i2
D:2:      layout_rooms
D:3:      layout_loops_ring, ebering_ecumenical_altar_rust, serial_bayou_pond_c,
          serial_park_tiny_2, uniq_robin
D:4:      black_bear_nest_2, layout_basic, uniq_duvessa

Skill      XL: |  1  2  3  4  5 |
---------------+----------------+-----
Axes           | 2 3 4 |  4.8
Fighting       | 4 |  4.7
Armour         | 4 |  4.7
Shields        | 4 |  4.1
Dodging        | |  0.2

Action                   |  1- 3 |  4- 6 |  7- 9 || total
-------------------------+-------+-------+-------++-------
Melee: War axe           |    84 |   203 |    13 ||   300
  Use: Scroll            |     1 |     7 |     2 ||    10
       Potion            |       |     2 |       ||     2
Armor: Scale mail        |    40 |    62 |       ||   102
       Chain mail        |       |    47 |     7 ||    54
Dodge: Dodged            |    49 |   118 |    11 ||   178
Block: Buckler           |    22 |    47 |     4 ||    73

Table legend: (Time is in decaauts)
 A = Elapsed time spent in this place.
 B = Non-inter-level travel time spent in this place.
 C = Inter-level travel time spent in this place.
 D = Time resting spent in this place.
 E = Time spent auto-exploring this place.
 F = Levels seen in this place.
 G = Mean time per level.
                   A        B        C        D        E       F      G
               +--------+--------+--------+--------+--------+-----+--------+
         Total |   3568 |   3568 |      0 |    799 |   1932 |   4 |  892.0 |
       Dungeon |   3568 |   3568 |      0 |    799 |   1932 |   4 |  892.0 |
               +--------+--------+--------+--------+--------+-----+--------+

Top non-repeatable levels by time:
     D:3: 1357 daAuts
     D:1: 1045 daAuts
     D:2: 695 daAuts
     D:4: 469 daAuts
